cohdb
Replays
Latest Replays
All Replays
Popular Replays
Top Player Replays
Match Explorer
How It Works
Community
CoH3 Stats
Reddit
Sign in to upload your games and track your stats! →
Sign in with Steam
Match 41442701
Unlisted
Match 41442701
Overview
Messages
Build Orders
End
Construct Section Command Post
Infantry Section
Infantry Section
Infantry Section
Construct Field Infirmary
Infantry Section
Royal Engineer Section
Construct Platoon Command Post
Unlock M3 Stuart Light Tanks
Selects Heavy Armor Battlegroup
Selects Engineer Detachments
Selects Forward Repair Assembly
M3 Stuart Light Tank
6-pounder Anti-tank Gun Team
Grenade Package
Humber Armored Car
Vickers Machine Gun Team
6-pounder Anti-tank Gun Team
Royal Engineer Section
Selects Churchill Black Prince Heavy Tank
Churchill Black Prince Heavy Tank
Plebr
BIOHAZARD
0
0
Comments
sign in to comment!
No comments posted yet!